[Event "Late-Titled-Tuesday-Blitz-October-03-2023"]
[Site "Chess.com"]
[Date "2023.10.03"]
[Round "4"]
[White "rikchessmx"]
[Black "ural58"]
[Result "0-1"]
[WhiteElo "2334"]
[BlackElo "2507"]
[TimeControl "180+1"]
[EndTime "14:38:09 PDT"]
[Termination "ural58 won by checkmate"]

1. e4 d5 2. exd5 Qxd5 3. Nc3 Qd6 4. Nf3 c6 5. Bc4 Be6 6. Qe2 Bxc4 7. Qxc4 Nf6 8. O-O g6 9. d3 Bg7 10. Bf4 Qd8 11.
Qb3 b6 12. Ne5 O-O 13. h3 e6 14. Rad1 Nfd7 15. Rfe1 Nxe5 16. Bxe5 Bxe5 17. Rxe5 Nd7 18.
Re3 Nc5 19. Qc4 a5 20. d4 Na6 21. Qxc6 Nb4 22. Qe4 Re8 23. a3 f5 24. Qb7 Re7 25. Qf3 Nxc2 26. Red3 b5 27. Nxb5 Rb8 28.
Nc3 Rxb2 29. d5 e5 30. d6 Rf7 31. Qd5 Nxa3 32. Qxe5 Nc4 33. Qd4 Rb4 34. Nd5 Ra4 35.
Ne7+ Rxe7 36. dxe7 Qxe7 37. Qd8+ Qxd8 38. Rxd8+ Kg7 39.
R1d7+ Kh6 40. Rh8 Ne5 41. Rhxh7+ Kg5 42. Ra7 Ra1+ 43. Kh2 Nd3 44. h4+ Kf4 45. h5 Nxf2 46. g3+ Kf3 47. hxg6 Rh1# 0-1

[Event "Late-Titled-Tuesday-Blitz-October-03-2023"]
[Site "Chess.com"]
[Date "2023.10.03"]
[Round "4"]
[White "Beca95"]
[Black "jguerramzllo"]
[Result "1-0"]
[WhiteElo "2997"]
[BlackElo "2717"]
[TimeControl "180+1"]
[EndTime "14:38:10 PDT"]
[Termination "Beca95 won on time"]

1. e4 e5 2. Nc3 Nf6 3. Nf3 Nc6 4. Bb5 Bb4 5. O-O O-O 6. Bxc6 bxc6 7. d3 Bxc3 8. bxc3 d6 9. h3 h6 10. Nh2 d5 11. f3 Re8 12. Be3 Be6 13. Qe1 Nh5 14.
a4 a6 15. a5 Rb8 16. Qf2 Qe7 17. Ng4 Bd7 18. Bc5 Qg5 19. d4 exd4 20. Bxd4 dxe4 21. fxe4 Bxg4 22. Qxf7+ Kh7 23. hxg4 Qxg4 24. Qf5+ Qg6 25. Rae1 Rb5 26. Qxg6+ Kxg6 27. e5 c5 28. g4 Ng3 29.
Rf3 cxd4 30. cxd4 Rxa5 31. Rxg3 Ra4 32. c3 Kf7 33. Kg2 Ke6 34. Rf3 c5 35. Rf4 cxd4 36. cxd4 Ra2+ 37. Kg3 Rd8 38. Rb1 Rd2 39. Rb6+ Kd5 40.
Rxa6 Rxd4 41. Rxd4+ Kxd4 42. Rd6+ Rxd6 43. exd6 1-0

[Event "Late-Titled-Tuesday-Blitz-October-03-2023"]
[Site "Chess.com"]
[Date "2023.10.03"]
[Round "4"]
[White "C_K_G"]
[Black "ferrufino64"]
[Result "0-1"]
[WhiteElo "1906"]
[BlackElo "2233"]
[TimeControl "180+1"]
[EndTime "14:38:12 PDT"]
[Termination "ferrufino64 won on time"]

1. e4 c5 2. Nf3 d6 3. d4 cxd4 4. Nxd4 Nf6 5. Nc3 g6 6. Be2 Bg7 7. Be3 Nc6 8. O-O O-O 9. f3 Nxd4 10. Bxd4 Be6 11. a4 Nd7 12. Bxg7 Kxg7 13. a5 Qc7 14. Qd4+ f6 15. Kh1 Qc5 16. Qd2 Rfc8 17. a6 b6 18. f4 Bc4 19. Rf3 Bxe2 20. Qxe2 Qc4 21. Qf2 Rc5 22.
Rh3 Nf8 23. f5 g5 24. Qf3 Qf7 25. Rd1 Rac8 26. Rg3 Nd7 27. Qe3 Ne5 28. h4 Qh5 29. Rf1 g4 30. Ne2 Qxh4+ 31. Kg1 Rxc2 32. Nf4 Nf3+ 33. Rgxf3 gxf3 34. Qxf3 Rc1 35. Ne6+ Kh8 36. Nd4 Rxf1+ 37. Qxf1 Qxe4 38. Qf2 Rc1+ 39. Kh2 Qe5+ 40. g3 Qe1 0-1

[Event "Late-Titled-Tuesday-Blitz-October-03-2023"]
[Site "Chess.com"]
[Date "2023.10.03"]
[Round "4"]
[White "Verony64"]
[Black "Defenstrator"]
[Result "1-0"]
[WhiteElo "2237"]
[BlackElo "2432"]
[TimeControl "180+1"]
[EndTime "14:38:13 PDT"]
[Termination "Verony64 won by checkmate"]

1. e4 c6 2. Nc3 d5 3. d3 e5 4.
g3 f5 5. Bg2 Nf6 6. exf5 Bxf5 7. h3 Bc5 8. Nf3 O-O 9. O-O e4 10. Nh4 Qc8 11. Nxf5 Qxf5 12. d4 Bd6 13. Be3 Nbd7 14.
Qd2 Nb6 15. b3 a5 16. Ne2 a4 17. Bf4 Ba3 18. c3 c5 19. dxc5 Bxc5 20. Nd4 Bxd4 21. Qxd4 Ra6 22. Rfd1 Rfa8 23. Bf1 axb3 24. Bxa6 b2 25.
Rab1 Rxa6 26. Rxb2 Nc4 27. Rxb7 Qxh3 28. Bg5 e3 29. Bxe3 Re6 30. Bg5 Ng4 31. Qxg7# 1-0

[Event "Late-Titled-Tuesday-Blitz-October-03-2023"]
[Site "Chess.com"]
[Date "2023.10.03"]
[Round "4"]
[White "babero_gordo"]
[Black "WilliamAlfaroCaracas"]
[Result "1-0"]
[WhiteElo "1938"]
[BlackElo "2220"]
[TimeControl "180+1"]
[EndTime "14:38:13 PDT"]
[Termination "babero_gordo won on time"]

1. e4 e5 2. Nf3 Nc6 3. d4 exd4 4.
Bc4 Nf6 5. e5 d5 6. Bb5 Ne4 7.
Nxd4 Bc5 8. Be3 Bd7 9. Bxc6 bxc6 10. O-O O-O 11. Nd2 Nxd2 12. Qxd2 Bb6 13. Nb3 Qe7 14. f4 f6 15. Rae1 fxe5 16. fxe5 Rxf1+ 17. Kxf1 Qxe5 18. Bxb6 Qxh2 19. Bc5 Qh1+ 20. Kf2 Qh4+ 21. Kg1 Qg4 22. Qe2 Qg6 23. Qd3 Bf5 24. Qe3 Be4 25. Qf2 h6 26. Nd4 Re8 27. Nf3 Re6 28. Nh4 Qh5 29. Qf8+ Kh7 30. Bd4 Qg4 31. Rf1 Rg6 32. Rf7 Qxg2+ 33. Nxg2 1-0

[Event "Late-Titled-Tuesday-Blitz-October-03-2023"]
[Site "Chess.com"]
[Date "2023.10.03"]
[Round "4"]
[White "Walter_White_Poland"]
[Black "rdarruda"]
[Result "1-0"]
[WhiteElo "2311"]
[BlackElo "2462"]
[TimeControl "180+1"]
[EndTime "14:38:14 PDT"]
[Termination "Walter_White_Poland won by resignation"]

1. e4 c5 2. Nf3 Nc6 3. Nc3 e6 4. d4 cxd4 5. Nxd4 d6 6. Nxc6 bxc6 7. Bd3 Nf6 8. O-O e5 9. Kh1 Be7 10. f4 O-O 11. Qf3 Qc7 12. f5 Rd8 13. Bg5 h6 14. Bh4 Nh7 15. Be1 Bb7 16. Bd2 d5 17. g4 Bg5 18. Bxg5 Nxg5 19. Qg2 Qe7 20. h4 Nxe4 21.
Nxe4 Qxh4+ 22. Kg1 dxe4 23. Bxe4 Rd4 24. Rf2 Rad8 25.
c3 Rd1+ 26. Rxd1 Rxd1+ 27. Rf1 Rxf1+ 28. Kxf1 Ba6+ 29. Kg1 Qe1+ 30. Kh2 c5 31. Bd5 Qe2 32. Qxe2 Bxe2 33. Kg3 Kf8 34. b4 cxb4 35. cxb4 Ke7 36.
a4 f6 37. a5 Kd6 38. Be4 Bb5 39. Kh4 Be8 40. Kg3 Bb5 41. Kh4 Be2 42. Kh5 Ke7 43.
Kg6 Kf8 44. Kh5 Kg8 45. Bd5+ Kf8 46. Bc6 Bd3 47. b5 e4 48. b6 axb6 49. axb6 Ba6 50. Bxe4 1-0

[Event "Late-Titled-Tuesday-Blitz-October-03-2023"]
[Site "Chess.com"]
[Date "2023.10.03"]
[Round "4"]
[White "Marasmus01"]
[Black "MajorCoast"]
[Result "1-0"]
[WhiteElo "2518"]
[BlackElo "2257"]
[TimeControl "180+1"]
[EndTime "14:38:15 PDT"]
[Termination "Marasmus01 won on time"]

1. c4 e6 2. g3 d5 3. Bg2 Nf6 4. e3 Be7 5. Ne2 O-O 6. b3 c5 7. Bb2 Nc6 8. O-O d4 9. Na3 e5 10. h3 Bf5 11. f3 e4 12. fxe4 Bxe4 13. Bxe4 Nxe4 14. d3 Ng5 15. h4 Ne6 16. e4 Ne5 17. Bc1 a5 18. Bf4 Bf6 19. Bxe5 Bxe5 20. Nb5 Nc7 21. a4 Ra6 22. Rf5 Re6 23. Nf4 Bxf4 24. Rxf4 Nxb5 25. axb5 b6 26. Qf3 Qd6 27. Rf1 Rg6 28.
Kg2 f6 29. Rf5 Re8 30. Rd5 Qc7 31. h5 Rh6 32. Qf5 Re5 33. Rxe5 Qxe5 34. Qc8+ Kf7 35. Rf5 Qe6 36. Qc7+ Kf8 37. Rd5 Qe7 38. Rd8+ Kf7 39.
Rd7 Qxd7 40. Qxd7+ Kf8 41. g4 1-0

[Event "Late-Titled-Tuesday-Blitz-October-03-2023"]
[Site "Chess.com"]
[Date "2023.10.03"]
[Round "4"]
[White "Fandorine"]
[Black "Hikaru"]
[Result "0-1"]
[WhiteElo "2940"]
[BlackElo "3273"]
[TimeControl "180+1"]
[EndTime "14:38:17 PDT"]
[Termination "Hikaru won by resignation"]

1. b3 a6 2. Bb2 c5 3. e4 Nc6 4. Nf3 Nf6 5. e5 Nd5 6. Bc4 Nb6 7. O-O Nxc4 8. bxc4 g6 9. d3 Bg7 10. Nbd2 d5 11.
h3 O-O 12. Re1 b6 13. Rb1 Rb8 14. a4 h6 15. Ba1 dxc4 16. Nxc4 Be6 17. Ncd2 Qc7 18.
Qe2 Rfd8 19. c3 Bf5 20. Ne4 Nxe5 21. Nxe5 Bxe5 22. c4 Bxa1 23. Rxa1 Rd4 24. Nc3 Bxd3 25. Qe3 e6 26. a5 Qf4 27. axb6 Rxb6 28. Na4 Rc6 29.
Nb2 Bf5 30. Qb3 Rd2 31. Rf1 Rc8 32. Nd1 Bd3 33. Re1 Bxc4 34. Qb7 Rcd8 35. Qb6 Be2 36. Qxc5 Bxd1 0-1

[Event "Late-Titled-Tuesday-Blitz-October-03-2023"]
[Site "Chess.com"]
[Date "2023.10.03"]
[Round "4"]
[White "Mesa_1"]
[Black "KamilGrycel"]
[Result "1-0"]
[WhiteElo "2626"]
[BlackElo "2467"]
[TimeControl "180+1"]
[EndTime "14:38:17 PDT"]
[Termination "Mesa_1 won by checkmate"]

1. Nf3 b6 2. g3 Bb7 3. Bg2 c5 4. O-O g6 5. d3 Bg7 6. e4 d6 7.
Re1 e5 8. c3 Ne7 9. d4 Nbc6 10.
d5 Nb8 11. h4 h5 12. Ng5 Nd7 13. c4 Nf6 14. Nc3 a6 15. a4 O-O 16. f3 Bc8 17.
Be3 Bd7 18. Bf1 Nh7 19. Qd2 Nxg5 20. Bxg5 f6 21. Be3 f5 22. Bg5 Qe8 23. f4 Qf7 24.
Bg2 Rae8 25. a5 bxa5 26. Rxa5 Bc8 27. Rf1 exf4 28. Bxf4 Bd4+ 29. Kh2 Qf6 30. Bg5 Qg7 31. Bh6 Qh8 32. Bxf8 Rxf8 33. Nd1 Be5 34. b3 Qf6 35.
Qg5 Qg7 36. Ra2 Kh7 37. Raf2 Ng8 38. exf5 Bxf5 39. Ne3 Nh6 40. Be4 Bf6 41. Nxf5 Nxf5 42. Rxf5 Bxg5 43. Rxf8 Qb2+ 44. R1f2 Qxb3 45. R2f7+ Kh6 46.
Rh8# 1-0

[Event "Late-Titled-Tuesday-Blitz-October-03-2023"]
[Site "Chess.com"]
[Date "2023.10.03"]
[Round "4"]
[White "andjela_djidjika"]
[Black "Chempiblinka"]
[Result "0-1"]
[WhiteElo "1980"]
[BlackElo "2291"]
[TimeControl "180+1"]
[EndTime "14:38:17 PDT"]
[Termination "Chempiblinka won on time"]

1. e4 c5 2. Nf3 Nc6 3. Bb5 e6 4.
Bxc6 bxc6 5. d3 Ne7 6. O-O Ng6 7. Be3 e5 8. c4 d6 9. Nc3 Be7 10. Ne2 O-O 11. Ng3 Rb8 12. b3 d5 13. h3 d4 14. Bd2 Nh4 15. Nxe5 Bd7 16. Nxd7 Qxd7 17. Qg4 f5 18. exf5 Nxf5 19. Nxf5 Rxf5 20. Rae1 Rbf8 21.
Bh6 Bd6 22. Bd2 Bc7 23. Re2 Qd6 24. f4 R5f6 25. Qh4 Rg6 26. Qe7 a5 27. Qxd6 Bxd6 28. Kh2 a4 29. g3 axb3 30. axb3 Rb8 31. Rb1 Rf6 32. Be1 Rf7 33. Re6 Rd7 34. Bd2 Kf7 35.
f5 g6 36. Re2 gxf5 37. Rf1 Kg6 38. Kg2 Rxb3 39. Re6+ Kf7 40. Re2 Rxd3 41. Rxf5+ Kg6 42.
Rf3 Rxf3 43. Kxf3 Rf7+ 44. Bf4 d3 45. Re6+ Kg7 46. Rxd6 Ra7 47. Rxd3 Ra2 48. Be5+ Kf7 49. Bd6 Rc2 50. Bxc5 Rxc4 51. Bd4 Ke6 52. Be3 c5 0-1

[Event "Late-Titled-Tuesday-Blitz-October-03-2023"]
[Site "Chess.com"]
[Date "2023.10.03"]
[Round "4"]
[White "GaiozNigalidze"]
[Black "Lady_Nika"]
[Result "1-0"]
[WhiteElo "2754"]
[BlackElo "2545"]
[TimeControl "180+1"]
[EndTime "14:38:18 PDT"]
[Termination "GaiozNigalidze won by resignation"]

1. d4 d5 2. c4 e6 3. Nc3 f5 4. g3 Nf6 5. Bg2 c6 6. b3 Bd6 7. Nf3 O-O 8. O-O Nbd7 9. a4 Qe7 10. Bb2 Ne4 11. Qc1 f4 12. Nd2 Nxc3 13. Qxc3 Nf6 14. Qd3 Bd7 15. Nf3 Be8 16. Ne5 Nd7 17. Nxd7 Qxd7 18. Ba3 Bg6 19. Qd2 Rf6 20. Bxd6 Qxd6 21. Rac1 Raf8 22. a5 a6 23. c5 Qc7 24. b4 e5 25. dxe5 Qxe5 26. Rc3 Re8 27. Re1 fxg3 28. hxg3 Ref8 29. Rf3 Be4 30. Rxf6 Rxf6 31. Bxe4 Qxe4 32. f3 Qe5 33. Kf2 Rg6 34. Rg1 d4 35. Qd3 Rh6 36.
Kg2 Qe6 37. Kf2 Rh2+ 38. Rg2 Qe3+ 39. Qxe3 dxe3+ 40. Kg1 Rh5 41. Rh2 Rxh2 42. Kxh2 Kf7 43. Kg2 Ke6 44. f4 Kd5 45. Kf3 Kc4 46. Kxe3 Kxb4 47.
Kd4 Kxa5 48. e4 Kb4 49. e5 a5 50. e6 a4 51. e7 a3 52. e8=Q Kb3 53. Qe1 Kb2 54.
Qc3+ Ka2 55. Qb4 1-0

[Event "Late-Titled-Tuesday-Blitz-October-03-2023"]
[Site "Chess.com"]
[Date "2023.10.03"]
[Round "4"]
[White "FERNANDEZL1983"]
[Black "AleksandrAleksikov"]
[Result "1-0"]
[WhiteElo "2609"]
[BlackElo "2198"]
[TimeControl "180+1"]
[EndTime "14:38:19 PDT"]
[Termination "FERNANDEZL1983 won on time"]

1. e4 c5 2. Nf3 d6 3. d4 Nf6 4. Nc3 cxd4 5. Nxd4 a6 6. Bg5 e6 7. f4 Qb6 8. Qd2 Qxb2 9. Rb1 Qa3 10. f5 Nc6 11. Nxc6 bxc6 12. fxe6 Bxe6 13. Bd3 Be7 14.
Rb7 Qc5 15. Be3 Qe5 16. O-O Nd7 17. Ne2 O-O 18. Bd4 Qg5 19. Be3 Qe5 20. Nd4 Rfc8 21. Kh1 Bf6 22. Nxe6 Qxe6 23. h3 Be5 24. Be2 Nf6 25. Bf3 Rab8 26. Rfb1 Rxb7 27. Rxb7 Qxa2 28. g4 Qa1+ 29. Kg2 h6 30. h4 Qa4 31. Qd3 Re8 32. g5 hxg5 33. hxg5 Nh7 34. Be2 c5 35. Qc4 Qxc4 36. Bxc4 Rf8 37. g6 Nf6 38. Bxf7+ Kh8 39. Rb1 Ng8 40. Kf3 Nh6 41. Bxh6 gxh6 42. Kg4 Kg7 43. Kf5 a5 44. Rb7 h5 45. Kg5 Bf6+ 46.
Kxh5 Rh8+ 47. Kg4 Rh4+ 48. Kg3 Kh6 49. Kf3 Kg5 50. Be8 Rh3+ 51. Ke2 Rc3 52. g7 Bxg7 53.
Rxg7+ Kf4 54. Re7 Rxc2+ 55. Kd3 Rb2 56. Bc6 Rb3+ 57. Kc2 Rb4 58. Bd5 a4 59. Re6 Rb6 60.
Kd3 a3 61. Rf6+ Kg4 62. e5 Ra6 63. Rxd6 Ra5 64. e6 a2 65. Bxa2 Rxa2 66. e7 1-0

[Event "Late-Titled-Tuesday-Blitz-October-03-2023"]
[Site "Chess.com"]
[Date "2023.10.03"]
[Round "4"]
[White "chessajedrezz2020"]
[Black "angryspacevoid"]
[Result "0-1"]
[WhiteElo "2710"]
[BlackElo "2550"]
[TimeControl "180+1"]
[EndTime "14:38:20 PDT"]
[Termination "angryspacevoid won by checkmate"]

1. Nf3 c5 2. g3 Nc6 3. Bg2 e5 4.
O-O d5 5. c4 Nf6 6. cxd5 Nxd5 7. e3 Bd6 8. d4 e4 9. dxc5 exf3 10. Bxf3 Bxc5 11. Qxd5 Qe7 12. Qe4 Be6 13. Bg4 O-O 14.
Bxe6 fxe6 15. Nc3 Rad8 16. Kg2 Nb4 17. a3 Nd3 18. b4 Bb6 19. Rb1 Nxf2 20. Rxf2 Rxf2+ 21. Kxf2 Qf6+ 22. Kg2 Qxc3 23. Qxe6+ Kh8 24. Qe4 h6 25.
Kh3 Qc8+ 26. g4 Re8 27. Qf5 Qc3 28. Qf7 Rd8 29. Qf3 Qc2 30. Ra1 Re8 31. a4 Bc7 32.
a5 Qxh2# 0-1

[Event "Late-Titled-Tuesday-Blitz-October-03-2023"]
[Site "Chess.com"]
[Date "2023.10.03"]
[Round "4"]
[White "SpeedofLight0"]
[Black "tomozupan"]
[Result "1-0"]
[WhiteElo "3019"]
[BlackElo "2246"]
[TimeControl "180+1"]
[EndTime "14:38:21 PDT"]
[Termination "SpeedofLight0 won on time"]

1. Nf3 Nf6 2. b3 g6 3. Bb2 Bg7 4. g3 O-O 5. Bg2 d5 6. O-O c5 7. e3 Nc6 8. d4 cxd4 9. exd4 Qc7 10. Re1 Ne4 11. Nc3 Nxc3 12. Bxc3 e6 13. Rc1 Bd7 14.
h4 h5 15. Qd2 Rac8 16. Bb2 Ne7 17. Ne5 Nf5 18. c4 Qd6 19. c5 Qe7 20. Rc2 Rc7 21. Qd3 Rfc8 22. Bh3 Qf6 23. Bc1 Qe7 24. Bg5 Bf6 25. Bf4 Bc6 26. b4 a6 27. Rce2 Ng7 28.
Re3 Bb5 29. Qb1 Ne8 30. Nxg6 fxg6 31. Bxe6+ 1-0

[Event "Late-Titled-Tuesday-Blitz-October-03-2023"]
[Site "Chess.com"]
[Date "2023.10.03"]
[Round "4"]
[White "Veleamater"]
[Black "2346PL"]
[Result "1/2-1/2"]
[WhiteElo "2326"]
[BlackElo "2492"]
[TimeControl "180+1"]
[EndTime "14:38:23 PDT"]
[Termination "Game drawn by repetition"]

1. g3 d6 2. Bg2 e5 3. h3 f5 4. c3 Nf6 5. d4 e4 6. e3 Be7 7. Ne2 O-O 8. h4 b6 9. Nf4 d5 10. h5 c6 11. b3 Bd6 12. Nd2 Qe7 13. Nf1 Ba6 14. Nh2 Nbd7 15. Bd2 c5 16. Rc1 Rac8 17.
Bf1 Bxf1 18. Kxf1 cxd4 19. exd4 e3 20. Bxe3 Ne4 21. Qd3 Ndf6 22. Nf3 Rfd8 23. Kg2 Qf7 24. Rh3 Ng4 25. Rc2 Bb8 26. c4 dxc4 27. bxc4 Qb7 28.
d5 b5 29. Nd4 bxc4 30. Rxc4 Bxf4 31. gxf4 Qxd5 32. Rxc8 Rxc8 33. Qb3 Qxb3 34. axb3 g6 35. hxg6 hxg6 36. Kf3 Rc3 37. Kg2 Nexf2 38. Bxf2 Rxh3 39. Kxh3 Nxf2+ 40. Kg2 Ne4 41. Nc6 a6 42. Nb8 Nc5 43.
b4 Nd3 44. Nxa6 Nxf4+ 45. Kf3 Nd5 46. b5 Kf7 47. Nc5 Ke7 48. Na4 Kd6 49. b6 Kc6 50. Nb2 Kxb6 51. Nc4+ Kc5 52. Ne5 g5 53. Nf7 g4+ 54. Kg3 Kd4 55. Nh6 Ke4 56. Nxg4 f4+ 57. Kf2 Nb4 58. Nf6+ Kf5 59. Nh5 Nd3+ 60. Kf3 Ne5+ 61.
Kf2 f3 62. Kg3 Ke4 63. Nf4 Ke3 64. Nd5+ Kd2 65. Nf6 Ke2 66. Ne4 Ke3 67. Nf2 Nc4 68.
Nd1+ Ke2 69. Nc3+ Ke3 70. Nd1+ Ke4 71. Nc3+ Ke3 72. Nd1+ 1/2-1/2

[Event "Late-Titled-Tuesday-Blitz-October-03-2023"]
[Site "Chess.com"]
[Date "2023.10.03"]
[Round "4"]
[White "akanga001"]
[Black "GAusal"]
[Result "1-0"]
[WhiteElo "2033"]
[BlackElo "2270"]
[TimeControl "180+1"]
[EndTime "14:38:24 PDT"]
[Termination "akanga001 won by resignation"]

1. d4 d5 2. c4 c6 3. Nc3 Nf6 4. e3 Bf5 5. Qb3 Qb6 6. Nf3 Qxb3 7.
axb3 e6 8. Be2 Be7 9. Nh4 Bc2 10. Bd1 Bxd1 11. Nxd1 Ne4 12. Nf3 Bb4+ 13. Nd2 Nxd2 14.
Bxd2 Bxd2+ 15. Kxd2 a6 16. Kd3 Nd7 17. e4 dxe4+ 18.
Kxe4 Nf6+ 19. Kd3 O-O-O 20. Ne3 e5 21. Nc2 exd4 22. Rhe1 c5 23. Re5 Nd7 24. Rd5 Kc7 25. b4 b6 26. Rxa6 Kc6 27. b5+ Kb7 28. b4 Rhe8 29. bxc5 Nxc5+ 30. Rxc5 bxc5 31. Rc6 Rc8 32. Rd6 Re6 33. Rd7+ Rc7 34. Rd5 Rg6 35. g3 Rh6 36. h4 Rf6 37. f4 Rg6 38. Rg5 Rxg5 39. hxg5 Re7 40. Kd2 h6 41. gxh6 gxh6 42. Ne1 f5 43. Nd3 Re3 44. Nxc5+ Kb6 45. Nd7+ Ka5 46. b6 Ka6 47. c5 Kb7 48. Ne5 Rxg3 49. Nc4 h5 50. Nd6+ Kb8 51. c6 Rg7 52. c7+ Rxc7 53. bxc7+ Kxc7 54. Nxf5 Kc6 55. Kd3 Kd5 56. Nh4 1-0

[Event "Late-Titled-Tuesday-Blitz-October-03-2023"]
[Site "Chess.com"]
[Date "2023.10.03"]
[Round "4"]
[White "Mikhail_Golubev"]
[Black "RIPOL"]
[Result "1-0"]
[WhiteElo "2611"]
[BlackElo "2433"]
[TimeControl "180+1"]
[EndTime "14:38:25 PDT"]
[Termination "Mikhail_Golubev won by resignation"]

1. e4 Nf6 2. e5 Nd5 3. d4 d6 4. Nf3 g6 5. Bc4 Nb6 6. Bb3 Bg7 7. a4 a5 8. Ng5 e6 9. Qf3 Qd7 10. Ne4 Qc6 11. Nf6+ Kf8 12. Qg3 N8d7 13. Nxd7+ Nxd7 14. Bf4 dxe5 15. dxe5 Nc5 16. O-O b6 17. Nc3 Bb7 18. f3 h6 19. h4 Kg8 20. Bc4 Ba6 21. Bb5 Bxb5 22. axb5 Qe8 23. Be3 Nd7 24. f4 Kh7 25. h5 Rg8 26. Ne4 Bh8 27. Qh3 Nf8 28. hxg6+ Rxg6 29. f5 exf5 30. Rxf5 Ne6 31. Raf1 Kg8 32.
Rxf7 Qxf7 33. Rxf7 Kxf7 34. Qf5+ Kg7 35. Nf6 Ng5 36.
Nh5+ Kh7 37. Nf4 1-0

[Event "Late-Titled-Tuesday-Blitz-October-03-2023"]
[Site "Chess.com"]
[Date "2023.10.03"]
[Round "4"]
[White "martinbitel"]
[Black "Dr_crypt"]
[Result "0-1"]
[WhiteElo "2234"]
[BlackElo "2442"]
[TimeControl "180+1"]
[EndTime "14:38:25 PDT"]
[Termination "Dr_crypt won by checkmate"]

1. d4 Nf6 2. c4 e6 3. Nf3 Bb4+ 4. Bd2 Qe7 5. a3 Bxd2+ 6. Qxd2 d6 7. Nc3 e5 8. dxe5 dxe5 9. g3 c6 10. Bg2 O-O 11.
O-O h6 12. Qc2 Nbd7 13. Nd2 a5 14. Rad1 Re8 15. Nde4 Nf8 16. Nd6 Rd8 17. c5 Ne6 18. b4 axb4 19. axb4 Nd4 20. Qb2 Be6 21. e3 Nf5 22. Nxf5 Bxf5 23. Ra1 Bd3 24. Rfd1 e4 25. Na4 Nd5 26. Bf1 Bxf1 27. Kxf1 Qe6 28. Kg2 h5 29. Nc3 Rxa1 30. Rxa1 h4 31. gxh4 Qg4+ 32. Kh1 Qf3+ 33. Kg1 Nxe3 34. fxe3 Qxe3+ 35. Kh1 Rd2 36. Qa3 Qf3+ 37.
Kg1 Qg2# 0-1

[Event "Late-Titled-Tuesday-Blitz-October-03-2023"]
[Site "Chess.com"]
[Date "2023.10.03"]
[Round "4"]
[White "MikaelyanArman"]
[Black "ChristopherYoo"]
[Result "0-1"]
[WhiteElo "2857"]
[BlackElo "3000"]
[TimeControl "180+1"]
[EndTime "14:38:26 PDT"]
[Termination "ChristopherYoo won by resignation"]

1. d4 Nf6 2. c4 g6 3. Nc3 Bg7 4. e4 d6 5. f4 O-O 6. Nf3 c5 7. d5 b5 8. cxb5 a6 9. a4 axb5 10. Bxb5 Ba6 11. Bxa6 Nxa6 12. O-O Nb4 13. Kh1 Qd7 14. Qe2 Rfb8 15. Rd1 Qb7 16. Be3 Qa6 17. Qxa6 Nxa6 18. Rab1 Rb4 19. e5 Ne4 20. Nb5 Rxa4 21.
Nc3 Rc4 22. Ra1 Nxc3 23. Rdc1 Nc7 24. Rxa8+ Nxa8 25. bxc3 Re4 26. Bg1 Nb6 27. Ng5 Rxf4 28. e6 f6 29. Nh3 Rc4 30. Rb1 Nxd5 31. Rb8+ Bf8 32. Nf2 Nf4 33. h3 Nxe6 34. Ng4 Rxc3 35. Ne3 Kf7 36. Nd5 Rd3 37. Ne3 d5 38. Kh2 Bh6 39.
Ng4 Bf4+ 40. Kh1 Bxb8 0-1

[Event "Late-Titled-Tuesday-Blitz-October-03-2023"]
[Site "Chess.com"]
[Date "2023.10.03"]
[Round "4"]
[White "louis198"]
[Black "chessmoo"]
[Result "1-0"]
[WhiteElo "2626"]
[BlackElo "2457"]
[TimeControl "180+1"]
[EndTime "14:38:26 PDT"]
[Termination "louis198 won by resignation"]

1. d4 d5 2. c4 c6 3. Nc3 Nf6 4.
Nf3 dxc4 5. e3 b5 6. a4 b4 7.
Na2 a5 8. Bxc4 e6 9. O-O Bb7 10. Qe2 c5 11. Bb5+ Nc6 12. Ne5 Qb6 13. Bd2 Be7 14.
Rac1 O-O 15. Nxc6 Bxc6 16. dxc5 Bxc5 17. Bxc6 Qxc6 18. Nxb4 Qxa4 19. Rxc5 axb4 20. Qc4 Qa2 21.
Qxb4 Nd5 22. Qd4 Ra4 23. b4 Qa3 24. Rb1 h6 25. h3 Rb8 26. Rxd5 exd5 27. Bc3 f6 28.
Qxd5+ Kh8 29. Be1 Qa2 30. Qxa2 Rxa2 31. b5 Rb6 32. Bc3 Ra3 33. Bd4 Rb7 34. b6 Kh7 35.
Rc1 Rb3 36. g4 Kg6 37. Kg2 Kf7 38. Rc7+ Rxc7 39. bxc7 1-0

[Event "Late-Titled-Tuesday-Blitz-October-03-2023"]
[Site "Chess.com"]
[Date "2023.10.03"]
[Round "4"]
[White "IngOscarArdila"]
[Black "MathiasWomacka"]
[Result "0-1"]
[WhiteElo "2327"]
[BlackElo "2526"]
[TimeControl "180+1"]
[EndTime "14:38:31 PDT"]
[Termination "MathiasWomacka won by resignation"]

1. d4 Nf6 2. c4 e6 3. Nc3 Bb4 4.
Bd2 c5 5. Nf3 cxd4 6. Nxd4 Nc6 7. Nc2 Bc5 8. e3 O-O 9. Be2 b6 10. O-O Bb7 11. a3 Rc8 12. b4 Be7 13. Rc1 Ne5 14.
Nb5 a6 15. Nbd4 Nxc4 16. Bc3 b5 17. Ba1 Qb6 18. Bf3 Bxf3 19. gxf3 a5 20. Qd3 axb4 21.
axb4 Ra8 22. Kh1 Qb7 23. Rg1 Rfc8 24. Rg3 Ne5 25. Qe2 Rc4 26. Rcg1 Ng6 27. h4 Nh5 28. Rg4 Bf6 29. Qd3 Ne5 30. Qe2 Nxg4 31. Rxg4 g6 32. Rg1 e5 33. Nb3 Rxh4+ 34. Kg2 Rc4 35. Nc5 Qc6 36. Ne4 Rxc2 37. Nxf6+ Nxf6 38. Qd3 Raa2 39. Rd1 Rxf2+ 40. Kg3 Qxf3+ 0-1

[Event "Late-Titled-Tuesday-Blitz-October-03-2023"]
[Site "Chess.com"]
[Date "2023.10.03"]
[Round "4"]
[White "Sjakkerntobi"]
[Black "acertijo08"]
[Result "1-0"]
[WhiteElo "2508"]
[BlackElo "2335"]
[TimeControl "180+1"]
[EndTime "14:38:32 PDT"]
[Termination "Sjakkerntobi won by resignation"]

1. f4 d5 2. Nf3 g6 3. g3 Bg7 4. Bg2 Nf6 5. O-O O-O 6. d3 c5 7. Nc3 Nc6 8. e4 dxe4 9. dxe4 Bg4 10. Be3 Qa5 11. e5 Rfd8 12. Qe1 Nd7 13. h3 Be6 14.
Qf2 Rac8 15. Rfd1 f6 16. exf6 exf6 17. Ne4 b6 18. Nd6 Rb8 19. f5 Bf7 20. Nxf7 Kxf7 21. Ng5+ fxg5 22. fxg6+ Kg8 23. gxh7+ Kh8 24. Bxc6 Ne5 25.
Be4 Qb4 26. Bg2 Qxb2 27. Bxg5 Rf8 28. Qe2 Rbe8 29. Qh5 Qxc2 30. Rac1 Qxh7 31. Qxh7+ Kxh7 32. h4 Nf3+ 33. Bxf3 Rxf3 34. Kg2 Ra3 35. Rc2 Bd4 36. Rf1 Kg7 37. h5 Be3 38. Re2 c4 39. Rf3 Bxg5 40.
Rxe8 Rxa2+ 41. Kh3 Bf6 42. h6+ Kf7 43. Rc8 c3 44. Rc7+ Kg6 45. h7 Be5 46. Re3 Bd4 47.
Re6+ Kf5 48. Rd6 Bh8 49. Rd8 Be5 50. Rd5 c2 51. Rxe5+ Kxe5 52. h8=Q+ 1-0

[Event "Late-Titled-Tuesday-Blitz-October-03-2023"]
[Site "Chess.com"]
[Date "2023.10.03"]
[Round "4"]
[White "traack"]
[Black "APOKALIPSA13"]
[Result "1-0"]
[WhiteElo "2421"]
[BlackElo "2170"]
[TimeControl "180+1"]
[EndTime "14:38:33 PDT"]
[Termination "traack won by resignation"]

1. e4 e5 2. Nf3 d5 3. exd5 e4 4. Qe2 Nf6 5. Nc3 Be7 6. Nxe4 O-O 7. d3 Nxd5 8. Bd2 f5 9. Nc3 Bf6 10. d4 Re8 11. Ne5 Nc6 12. O-O-O Nxd4 13. Qc4 Rxe5 14.
Bf4 Be6 15. Bxe5 Bxe5 16. Rxd4 Bxd4 17. Qxd4 Nxc3 18. Qxc3 Qg5+ 19. Kb1 Rd8 20. Bc4 Bxc4 21. Qxc4+ Kh8 22. Qxc7 Qd2 23. a3 h6 24. Qxb7 Qxf2 25.
Qf3 Qc5 26. Rd1 Rb8 27. Qd5 Qxa3 28. Qd8+ Qf8 29. Qxf8+ Rxf8 30. Rd7 Ra8 31. Rf7 g6 32. c4 Kg8 33. Rb7 Rc8 34. b3 a5 35. Ra7 Rc5 36.
Kc2 Kf8 37. Kc3 g5 38. Kd4 Rc8 39. c5 Rb8 40. c6 Ke8 41. Kd5 Rxb3 42. Ra8+ Ke7 43.
c7 Rc3 44. c8=Q Rxc8 45. Rxc8 f4 46. Ra8 Kf6 47. Ke4 1-0

[Event "Late-Titled-Tuesday-Blitz-October-03-2023"]
[Site "Chess.com"]
[Date "2023.10.03"]
[Round "4"]
[White "KorolDimitriy75"]
[Black "Danishcrown"]
[Result "0-1"]
[WhiteElo "2357"]
[BlackElo "2151"]
[TimeControl "180+1"]
[EndTime "14:38:34 PDT"]
[Termination "Danishcrown won on time"]

1. d4 Nf6 2. c4 e6 3. Nc3 d5 4. Bg5 c6 5. cxd5 exd5 6. e3 Bf5 7. Qf3 Bg6 8. Bxf6 Qxf6 9. Qxf6 gxf6 10. Kd2 Bd6 11. Bd3 Nd7 12. h4 h5 13. Nge2 O-O-O 14. g3 Rhg8 15. Rac1 Kb8 16. Nf4 Nf8 17. Nce2 Ne6 18. a3 Nxf4 19. Nxf4 Rde8 20. Rhe1 Bxf4 21. exf4 Bxd3 22. Kxd3 f5 23. Re5 Rxe5 24. fxe5 Rg4 25. Rg1 Kc7 26. f3 Rg8 27. Ke3 Kd7 28. Kf4 Ke6 29. g4 hxg4 30. fxg4 fxg4 31. Rxg4 Rh8 32. Kg3 Rh7 33. Rf4 Rg7+ 34. Rg4 Rh7 35. Rg5 f6 0-1